 Dungeon Crawl Stone Soup version 0.29-a0-559-g359e09b (webtiles) character file.

Game seed: 11181790428106500112

7 Illumine the Covered (level 2, 7/26 HPs)
             Began as a Meteoran Fighter on June 8, 2022.
             Quit the game on level 1 of the Dungeon.
             The game lasted 00:00:28 (168 turns).

Illumine the Covered (Meteoran Fighter)              Turns: 168, Time: 00:00:28

Health: 7/26       AC:  7    Str: 17    XL:     2   Next: 23%
Magic:  3/3        EV:  9    Int:  9    God:
Gold:   28         SH:  5    Dex: 13    Spells: 1/1 levels left

rFire   . . .      SeeInvis .   a - +0 flail
rCold   . . .      Faith    .   c - +0 buckler
rNeg    . . .      Spirit   .   b - +0 scale mail
rPois   .          Reflect  .   (no helmet)
rElec   .          Harm     .   (no cloak)
rCorr   .          Rampage  .   (no gloves)
Will    .....                   (no boots)
Stlth   ..........              (no amulet)
HPRegen 0.08/turn               (no ring)
MPRegen 0.08/turn               (no ring)

@: lethally poisoned (7 -> -10), glowing
A: sense surroundings 1, otherworldly, glowing, explore regen
a: no special abilities


You were on level 1 of the Dungeon.
You visited 1 branch of the dungeon, and saw 1 of its levels.

You collected 28 gold pieces.

Inventory:

Hand Weapons
 a - a +0 flail (weapon)
Missiles
 e - 35 stones (quivered)
Armour
 b - a +0 scale mail (worn)
 c - a +0 buckler (worn)
Scrolls
 f - 2 scrolls of identify {unknown}
 g - a scroll of enchant weapon {unknown}
Potions
 d - a potion of might


   Skills:
 + Level 3.4 Fighting
 * Level 3.1 Maces & Flails
 + Level 3.7 Armour
 + Level 3.7 Shields


You had one spell level left.
You didn't know any spells.
Your spell library was empty.

Dungeon Overview and Level Annotations

Branches:
Dungeon (1/15)

Altars:


Innate Abilities, Weirdness & Mutations

You passively map a small area around you.
You are easily found by Zot.
You glow in the dark.
You regain HP and MP as you explore.


Message History

You see here a frilled lizard corpse.
f - 2 scrolls labelled FURIEZ ROURCH (gained 1) HP restored.
g - a scroll labelled YQIYWO CYPS A goblin comes into view.
It is wielding a +2 dagger of venom.
The goblin shouts!
A rat comes into view.
You block the rat's attack.
You barely miss the rat. The rat misses you.
A quokka comes into view.
The rat bites you but does no damage.
You hit the rat.
You kill the rat!
You barely miss the goblin.
A rat comes into view.
The goblin hits you but does no damage.
You are poisoned.
You block the quokka's attack.
You closely miss the goblin.
You feel very sick.
The quokka bites you but does no damage.
The goblin hits you with a +2 dagger of venom.
You are more poisoned.
The quokka bites you but does no damage.
The goblin barely misses you.
You hit the goblin.
The goblin is heavily wounded.
You feel very sick. The quokka barely misses you. The goblin barely misses you.
Unknown command.
You barely miss the goblin.
The goblin is heavily wounded.
You feel very sick.
The quokka bites you but does no damage.
The goblin hits you with a +2 dagger of venom.
You are lethally poisoned!
The quokka bites you.
* * * LOW HITPOINT WARNING * * *
Okay, then.
Are you sure you want to abandon this character and quit the game? (Confirm with "yes".)

#.# #.# #.#
#.# , #.# *
#.# #########
#.# * ,
........####.#
* #....r.....#
#$.##g######
** ..g *#@# ,
# #r# * * ** *
, , ... , , ,
,, ...## * *
##### ** * , *
* , *


You could see a quokka, a goblin and a rat.

Vanquished Creatures
  A dart slug (D:1)
  An endoplasm (D:1)
  A hobgoblin (D:1)
  A bat (D:1)
  A frilled lizard (D:1)
  A rat (D:1)
6 creatures vanquished.

Notes
Turn   | Place    | Note
-------+----------+-------------------------------------------
     0 | D:1      | Illumine the Meteoran Fighter began the quest for the Orb.
     0 | D:1      | Reached XP level 1. HP: 19/19 MP: 2/2
    41 | D:1      | Reached XP level 2. HP: 24/26 MP: 3/3
   168 | D:1      | Quit the game

Illustrated notes

Levels and vault maps discovered:
D:1:      elethiomel_arrival_shortcut, layout_loops_ring

Skill      XL: |  1 |
---------------+----+-----
Maces & Flails | 3 |  3.1
Fighting       | |  3.4
Armour         | |  3.7
Shields        | |  3.7

Action                   || total
-------------------------++-------
Melee: Flail             ||    17
Armor: Scale mail        ||     8
Dodge: Dodged            ||     5
Block: Buckler           ||     5

Table legend: (Time is in decaauts)
 A = Elapsed time spent in this place.
 B = Non-inter-level travel time spent in this place.
 C = Inter-level travel time spent in this place.
 D = Time resting spent in this place.
 E = Time spent auto-exploring this place.
 F = Levels seen in this place.
 G = Mean time per level.
                   A        B        C        D        E       F      G
               +--------+--------+--------+--------+--------+-----+--------+
         Total |    173 |    173 |      0 |      0 |    105 |   1 |  173.0 |
       Dungeon |    173 |    173 |      0 |      0 |    105 |   1 |  173.0 |
               +--------+--------+--------+--------+--------+-----+--------+

Top non-repeatable levels by time:
     D:1: 173 daAuts
